 Dungeon Crawl Stone Soup version 0.26-a0-712-ga5a9c9c9d0 (webtiles) character file.

Game seed: 2617982438629094389

30655 Inarius the Cleaver (level 13, -1/102 HPs)
             Began as a Naga Warper on Nov 2, 2020.
             Was a High Priest of Hepliaklqana.
             Slain by a cane toad (5 damage)
             ... on level 2 of the Lair of Beasts.
             The game lasted 00:56:01 (23505 turns).

Inarius the Cleaver (Naga Warper)                  Turns: 23505, Time: 00:56:02

Health: -1/102     AC:  9    Str: 15    XL:     13   Next: 53%
Magic:  35/35      EV: 12    Int: 24    God:    Hepliaklqana [*****.]
Gold:   327        SH: 10    Dex: 12    Spells: 19/31 levels left

rFire    + . .     SeeInvis +   R - +1 broad axe
rCold    + . .     Faith    .   g - +0 buckler
rNeg     . . .     Spirit   .   h - +2 animal skin {rC+}
rPois    +         Reflect  +   (helmet restricted)
rElec    .         Harm     .   V - +0 cloak {rCorr}
rCorr    +         Rampage  .   (no gloves)
MR       +....     Clarity  +   (no barding)
Stlth    ++++......             H - amulet of reflection
HPRegen  0.27/turn              P - +6 ring of intelligence
MPRegen  0.24/turn              J - ring of Uraeq {rF+ MP+9}

@: studying Armour, very slow
A: large, reduced essence, antennae 1, see invisible, clarity, deformed body,
poison resistance, slowness 2, spit poison 1, strong 1, constrict 1, AC +4
a: Spit Poison, Recall Ancestor, Ancestor Identity, Transference, Idealise,
Renounce Religion


You were on level 2 of the Lair of Beasts.
You worshipped Hepliaklqana.
Hepliaklqana was extremely pleased with you.
You visited 3 branches of the dungeon, and saw 16 of its levels.
You also visited: Sewer, Bailey and Ice Cave.

You collected 1135 gold pieces.
You spent 808 gold pieces at shops.

Inventory:

Hand Weapons
 x - a +0 war axe
 L - a +3 morningstar
 R - a +1 broad axe (weapon)
Missiles
 e - 4 boomerangs of dispersal (quivered)
Armour
 f - a +0 troll leather armour
 g - a +0 buckler (worn)
 h - a +2 animal skin of cold resistance (worn)
 j - a +1 helmet
 G - a +2 robe of fire resistance
 I - a +3 chain mail of fire resistance
 V - a +0 cloak of preservation (worn)
Magical Staves
 a - an uncursed staff of earth {unknown}
 C - an uncursed staff of air
Jewellery
 b - an uncursed ring of flight
 c - an uncursed ring of positive energy
 z - an uncursed ring of ice
 A - an uncursed ring of wizardry
 H - an amulet of reflection (around neck)
 J - the ring of Uraeq (right hand) {rF+ MP+9}
   (You found it on level 8 of the Dungeon)

   [ring of magical power]

   It protects you from fire.
   It affects your magic capacity (+9).
 P - a +6 ring of intelligence (left hand)
 S - an uncursed ring of stealth
 T - the ring "Qoiq" {Fire rN+ Dex-3 SInv}
   (You found it on level 9 of the Dungeon)

   [ring of fire]

   It enhances your fire magic.
   It affects your dexterity (-3).
   It protects you from fire.
   It makes you vulnerable to cold.
   It protects you from negative energy.
   It lets you see invisible.
 U - an uncursed ring of protection from cold
Wands
 y - a wand of acid (7)
 E - a wand of iceblast (19)
 Q - a wand of polymorph (9)
Scrolls
 d - 3 scrolls of blinking
 l - 8 scrolls of remove curse
 q - 4 scrolls of amnesia {unknown}
 s - a scroll of identify
 t - 3 scrolls of immolation {unknown}
 u - 6 scrolls of enchant armour
 w - a scroll of silence {unknown}
 D - 2 scrolls of acquirement {unknown}
 N - a scroll of vulnerability {unknown}
Potions
 i - 2 potions of berserk rage
 k - a potion of stabbing
 m - 4 potions of brilliance
 n - 4 potions of heal wounds
 p - 5 potions of flight
 r - 2 potions of resistance
 v - 3 potions of magic
 B - 8 potions of curing {unknown}
 K - a potion of ambrosia
 M - a potion of might
Books
 o - a manual of Armour
Miscellaneous
 F - a tin of tremorstones (3/3)
 O - a lightning rod (4/4)


   Skills:
 + Level 6.8 Fighting
 * Level 11.6 Axes
 + Level 0.8 Throwing
 + Level 5.1 Armour
 + Level 5.3 Dodging
 + Level 8.3 Stealth
 + Level 4.1 Shields
 + Level 9.8 Spellcasting
 + Level 9.5 Translocations
 + Level 6.0 Invocations
 + Level 2.6 Evocations


You had 19 spell levels left.
You knew the following spells:

 Your Spells              Type           Power        Failure   Level
a - Blink                 Tloc           N/A          1%          2
b - Gell's Gravitas       Tloc           ######....   1%          3
c - Passage of Golubria   Tloc           N/A          1%          4
d - Teleport Other        Tloc           ######..     1%          3

Your spell library contained the following spells:

 Spells                   Type           Power        Failure   Level
 Lesser Beckoning         Tloc           ######....   1%          3
 Beastly Appendage        Tmut           ##....       5%          1
 Summon Small Mammal      Summ           ##..         5%          1
 Call Imp                 Summ           ##......     9%          2
 Wereblood                Tmut           ##......     9%          2
 Call Canine Familiar     Summ           ##......     16%         3
 Spider Form              Tmut/Pois      ##........   16%         3
 Summon Guardian Golem    Hex/Summ       ##......     16%         3
 Ice Form                 Ice/Tmut       ##......     47%         4
 Summon Ice Beast         Ice/Summ       ##......     47%         4
 Summon Lightning Spire   Summ/Air       ##......     47%         4
 Blade Hands              Tmut           ##........   83%         5
 Metabolic Englaciation   Hex/Ice        ##........   83%         5
 Freezing Cloud           Conj/Ice/Air   ##........   100%        6
 Ozocubu's Refrigeration  Ice            ##........   100%        6
 Simulacrum               Ice/Necr       ##........   100%        6


Dungeon Overview and Level Annotations

Branches:
Dungeon (13/15)            Temple (1/1) D:4            Lair (2/6) D:10
  Snake (0/4) Lair:2        Sewer (visited)          Bailey (visited)
  IceCv (visited)
  Swamp: Lair:2-4    Shoals: Lair:2-4       Orc: D:9-12      Vaults: D:13-14

Altars:
Ashenzari
Cheibriados
Dithmenos
Elyvilon
Fedhas
Gozag
Hepliaklqana
Kikubaaqudgha
Makhleb
Nemelex Xobeh
Okawaru
Qazlal
Ru
Sif Muna
Trog
Uskayaw
Vehumet
Wu Jian
Xom
Yredelemnul
Zin
The Shining One

Shops:
D:11 *[}*

Annotations:
D:3 2 runed translucent doors, raph's ghost, amateur DEAE


Innate Abilities, Weirdness & Mutations

You cannot wear boots.
Your serpentine skin is tough. (AC +4)
You have supernaturally acute eyesight. (SInv)
Armour fits poorly on your strangely shaped body.
Your system is resistant to poisons. (rPois)
You cover ground very slowly.
You can spit poison.
You can use your snake-like lower body to constrict enemies.
Your life essence is reduced to manifest your ancestor. (-10% HP)
You have a pair of small antennae on your head.
You possess an exceptional clarity of mind.
Your muscles are strong. (Str +2)


Message History

You fall into the shallow water.
Moving in this stuff is going to be slow.
Evoke which item? (* to show all) (? for menu, Esc to quit)
Aiming: Corrosive Bolt
Press: ? - help, Shift-Dir - straight line, f/p - nine-headed hydra
Aim: a nine-headed hydra (almost dead)
The bolt of acid hits the nine-headed hydra!
The nine-headed hydra is splashed with acid!
The acid corrodes the nine-headed hydra!
You kill the nine-headed hydra!
Unknown command.
Unknown command.
You start resting.
A nearby plant withers and dies.
An elephant comes into view.
An elephant is nearby!
You enter the shallow water.
Moving in this stuff is going to be slow.
A cane toad comes into view.
The cane toad stings you.
You die...

..................≈≈≈≈≈$.....#.
..###P...........≈≈≈≈≈≈≈...PP..
#...##...((.....≈≈≈P≈.≈≈≈......
.........P(..P.≈≈≈.....≈≈≈.....
........(P.....≈≈.P..≈≈≈≈≈.....
...............≈≈.PY>.P.≈≈.....
...............≈≈....†..≈≈.....
...............≈≈F.....≈≈≈.....
................@R≈...≈≈≈..#..#
.##...<...#....#.≈≈≈≈≈≈≈......#..
#R#.......####+#..≈≈≈≈≈...#...##.
R.##......#P.....P.......#.......
..##......##.....#......##...#...
..##.............#............#..
..##......#......##.....P##P####.
####......#..##..##.....########.
##.#.......#.#####......##....#..


You could see the friendly Hrothgar the knight, an elephant and a cane toad.

Vanquished Creatures
  A frost giant (IceCv)
  A hydra (Lair:2)
  A centaur warrior (D:13)
  4 two-headed ogres
  3 death yaks (D:10)
  An unseen horror (D:11)
  A deep elf mage (D:13)
  A gargoyle (D:10)
  2 cane toads
  An ice statue (IceCv)
  Psyche (D:8)
  A komodo dragon (Lair:1)
  A rime drake (Lair:1)
  A troll (D:10)
  10 polar bears (IceCv)
  Sigmund (D:2)
  23 yaks
  A basilisk (Lair:1)
  Grum (D:11)
  A steam dragon (D:10)
  2 nagas (Lair:2)
  3 water moccasins
  7 orc warriors
  5 black bears
  An eye of draining (D:10)
  4 ogres
  A necrophage (D:9)
  14 wolves
  2 centaurs
  7 bullfrogs
  2 big kobolds
  8 wights
  2 electric eels (D:10)
  A centaur zombie (D:5)
  A hound (D:8)
  A quasit (D:9)
  A bullfrog zombie (D:10)
  A jelly (D:5)
  A bullfrog skeleton (D:9)
  2 centaur skeletons
  6 orc priests
  5 orc wizards
  3 iguanas
  4 worker ants
  2 hound skeletons
  A worker ant zombie (D:11)
  3 gnolls (D:10)
  4 river rats
  20 adders
  2 shadow imps
  12 white imps
  2 ufetubi
  2 oozes
  An adder skeleton (D:4)
  4 worms
  4 dart slugs
  11 leopard geckos
  40 orcs
  4 ball pythons
  5 giant cockroaches
  8 goblins
  5 hobgoblins
  9 jackals
  9 quokkas
  6 bats
  3 frilled lizards
  18 kobolds
  14 rats
  A bush (D:2)
331 creatures vanquished.

Vanquished Creatures (collateral kills)
  A two-headed ogre (D:9)
  2 death yaks (IceCv)
  A mana viper (D:10)
  A cyclops (D:11)
  An ugly thing (D:11)
  A cane toad (Lair:2)
  A komodo dragon (Lair:1)
  2 polar bears (IceCv)
  A troll (D:10)
  A basilisk (Lair:1)
  5 yaks
  6 water moccasins
  3 phantoms
  A sky beast (D:9)
  An ice beast (D:10)
  6 orc warriors
  A hornet zombie (D:9)
  4 ogres
  4 wolves
  8 centaurs
  A big kobold (D:11)
  2 bullfrogs
  8 wights
  An electric eel (D:10)
  4 jellies
  A hound (D:7)
  An iguana (D:13)
  3 orc wizards
  2 adders
  A shadow imp (D:9)
  6 white imps
  An ufetubus (D:10)
  An ooze (D:7)
  18 orcs
  3 goblins (D:7)
  3 jackals
  A kobold (D:11)
  A quokka (D:10)
109 creatures vanquished.

Vanquished Creatures (others)
  A polar bear (IceCv)
  A yak (IceCv)
  11 knights
  3 ancestors
  14 plants
30 creatures vanquished.

Grand Total: 470 creatures vanquished

Notes
Turn   | Place    | Note
-------+----------+-------------------------------------------
     0 | D:1      | Inarius the Naga Warper began the quest for the Orb.
     0 | D:1      | Reached XP level 1. HP: 19/19 MP: 3/3
   481 | D:1      | Reached XP level 2. HP: 15/27 MP: 5/5
   879 | D:1      | Learned a level 2 spell: Blink
  1114 | D:2      | Reached XP level 3. HP: 20/33 MP: 4/6
  1627 | D:2      | Found a hide-covered altar of Uskayaw.
  1629 | D:2      | Reached skill level 1 in Armour
  2083 | D:2      | Noticed Sigmund
  2308 | D:1      | Learned a level 3 spell: Gell's Gravitas
  2411 | D:2      | Reached XP level 4. HP: 12/40 MP: 1/7
  2724 | D:2      | Killed Sigmund
  2724 | D:2      | Reached skill level 3 in Axes
  2724 | D:2      | Reached XP level 5. HP: 24/49 MP: 5/9
  2812 | D:2      | Reached XP level 6. HP: 18/56 MP: 5/10
  3821 | D:3      | Reached skill level 1 in Stealth
  4250 | D:3      | Found a stormy altar of Qazlal.
  4314 | D:3      | Noticed a fire elemental
  4315 | D:3      | Noticed an air elemental
  4315 | D:3      | Noticed a water elemental
  4416 | D:3      | Found a large runed translucent door.
  4416 | D:3      | Found a large runed translucent door.
  4417 | D:3      | Noticed raph's ghost (amateur DEAE)
  4507 | D:3      | Found a white marble altar of Elyvilon.
  4904 | D:3      | Reached skill level 4 in Axes
  4904 | D:3      | Reached XP level 7. HP: 42/62 MP: 8/11
  5082 | D:4      | Found a basalt altar of Yredelemnul.
  5186 | D:4      | Reached skill level 1 in Shields
  5277 | D:4      | Found a glowing drain.
  5282 | Sewer    | Entered a sewer
  5821 | Sewer    | Found a glowing silver altar of Zin.
  5973 | D:4      | Found a staircase to the Ecumenical Temple.
  5997 | Temple   | Entered the Ecumenical Temple
  6065 | Temple   | Became a worshipper of Hepliaklqana the Forgotten
  6432 | D:5      | Entered Level 5 of the Dungeon
  6465 | D:5      | Reached skill level 5 in Axes
  6687 | D:5      | Reached XP level 8. HP: 42/62 MP: 1/13
  7412 | D:5      | Found an ancient bone altar of Kikubaaqudgha.
  7413 | D:5      | Found a glowing golden altar of the Shining One.
  7488 | D:5      | Reached skill level 6 in Axes
  7889 | D:6      | Found an iron altar of Okawaru.
  7896 | D:6      | Found a radiant altar of Vehumet.
  7902 | D:6      | Reached * piety under Hepliaklqana
  8593 | D:6      | Found a shimmering altar of Xom.
  8950 | D:6      | Reached XP level 9. HP: 70/70 MP: 1/15
  9180 | D:7      | Reached ** piety under Hepliaklqana
  9230 | D:7      | Reached skill level 7 in Axes
  9240 | D:7      | Found a flagged portal.
  9246 | Bailey   | Entered a bailey
  9310 | Bailey   | Remembered your ancestor Hrothgar as a knight
  9533 | Bailey   | Reached skill level 5 in Translocations
 10035 | Bailey   | Reached skill level 1 in Invocations
 10061 | Bailey   | Reached skill level 5 in Spellcasting
 11061 | Bailey   | Reached XP level 10. HP: 61/77 MP: 11/18
 12134 | D:7      | Reached skill level 8 in Axes
 12624 | D:7      | You fall into a shaft and drop 1 floor!
 12624 | D:8      | Found a sacrificial altar of Ru.
 12642 | D:8      | Noticed a two-headed ogre
 12666 | D:8      | Noticed Psyche
 12992 | D:7      | Found a shadowy altar of Dithmenos.
 13345 | D:8      | Killed a two-headed ogre
 13345 | D:8      | Reached skill level 5 in Stealth
 13345 | D:8      | Reached skill level 1 in Evocations
 13353 | D:8      | Killed Psyche
 13643 | D:8      | Got a crude golden ring
 13645 | D:8      | Identified the ring of Uraeq {rF+ MP+9} (You found it on
                  | level 8 of the Dungeon)
 13791 | D:8      | Reached *** piety under Hepliaklqana
 14129 | D:8      | Found a sacrificial altar of Ru.
 14285 | D:9      | Learned a level 4 spell: Passage of Golubria
 14582 | D:9      | Noticed a two-headed ogre
 14594 | D:9      | Killed a two-headed ogre
 14594 | D:9      | Reached skill level 9 in Axes
 14594 | D:9      | Reached XP level 11. HP: 34/83 MP: 21/21
 14898 | D:9      | Reached skill level 5 in Invocations
 15165 | D:9      | Found an opulent altar of Gozag.
 15182 | D:9      | Reached skill level 5 in Fighting
 15319 | D:9      | Got a pitted pewter ring
 15428 | D:9      | Found a bloodstained altar of Trog.
 15651 | D:10     | Entered Level 10 of the Dungeon
 16014 | D:10     | Identified the ring "Qoiq" {Fire rN+ Dex-3 SInv} (You found
                  | it on level 9 of the Dungeon)
 16638 | D:10     | Noticed a two-headed ogre
 16641 | D:10     | Noticed a mana viper
 16641 | D:10     | a two-headed ogre changed into a mana viper
 16657 | D:10     | Killed a mana viper
 17587 | D:10     | You fall into a shaft and drop 3 floors!
 17587 | D:13     | Found a radiant altar of Vehumet.
 17620 | D:13     | Noticed a centaur warrior
 17632 | D:13     | Killed a centaur warrior
 17736 | D:13     | Noticed a deep elf mage
 17743 | D:13     | Killed a deep elf mage
 17755 | D:13     | Noticed a two-headed ogre
 17773 | D:13     | HP: 2/86 [two-headed ogre/+0 giant club (19)]
 17774 | D:13     | Killed a two-headed ogre
 17925 | D:13     | Noticed a centaur warrior
 18010 | D:13     | Noticed an eight-headed hydra
 18152 | D:10     | Noticed a death yak
 18155 | D:10     | Noticed a death yak
 18163 | D:10     | Noticed a death yak
 18177 | D:10     | Killed a death yak
 18177 | D:10     | Reached skill level 10 in Axes
 18177 | D:10     | Killed a death yak
 18177 | D:10     | Reached XP level 12. HP: 62/92 MP: 3/23
 18177 | D:10     | Killed a death yak
 18295 | D:10     | Found a staircase to the Lair.
 18339 | D:10     | Reached **** piety under Hepliaklqana
 18937 | D:11     | Found Cuddai's Gadget Boutique.
 19054 | D:11     | Bought a wand of acid (9) for 312 gold pieces
 19080 | D:11     | Noticed a two-headed ogre
 19093 | D:11     | Killed a two-headed ogre
 19225 | D:11     | Noticed a two-headed ogre
 19251 | D:11     | Killed a two-headed ogre
 19254 | D:11     | Noticed Grum
 19272 | D:11     | Killed Grum
 19432 | D:11     | Found Pamnaake's General Store.
 19446 | D:11     | Bought a scroll of identify for 28 gold pieces
 19446 | D:11     | Bought a wand of acid (11) for 420 gold pieces
 19459 | D:11     | Found Huria's Antique Armour Shop.
 19483 | D:11     | Found Ifehad Boryu's Assorted Antiques.
 19490 | D:11     | Bought a scroll labeled EFINAZXEGE for 24 gold pieces
 19490 | D:11     | Bought a scroll labeled EFINAZXEGE for 24 gold pieces
 20165 | Lair:1   | Entered Level 1 of the Lair of Beasts
 21200 | Lair:2   | Found a staircase to the Snake Pit.
 21403 | Lair:2   | Found a frozen archway.
 21414 | IceCv    | Entered an ice cave
 21514 | IceCv    | Learned a level 3 spell: Teleport Other
 21783 | IceCv    | Reached skill level 5 in Armour
 21796 | IceCv    | Reached skill level 5 in Dodging
 21801 | IceCv    | Gained mutation: You can use your snake-like lower body to
                  | constrict enemies. [Naga growth]
 21801 | IceCv    | Reached XP level 13. HP: 70/100 MP: 9/26
 21964 | IceCv    | Reached skill level 11 in Axes
 22292 | IceCv    | Reached ***** piety under Hepliaklqana
 22430 | IceCv    | Noticed a frost giant
 22448 | IceCv    | HP: 5/102 [frost giant/bolt of cold (50)]
 22858 | IceCv    | Gained mutation: You are frail. (-10% HP) [potion of
                  | mutation]
 22858 | IceCv    | Gained mutation: You possess an exceptional clarity of
                  | mind. [potion of mutation]
 22858 | IceCv    | Gained mutation: Your tail ends in a poisonous barb.
                  | [potion of mutation]
 22868 | IceCv    | Killed a frost giant
 22891 | IceCv    | Lost mutation: Your tail ends in a poisonous barb. [potion
                  | of mutation]
 22891 | IceCv    | Lost mutation: You are frail. (-10% HP) [potion of
                  | mutation]
 22891 | IceCv    | Gained mutation: You have a pair of small antennae on your
                  | head. [potion of mutation]
 22891 | IceCv    | Gained mutation: Your muscles are strong. (Str +2) [potion
                  | of mutation]
 23498 | Lair:2   | HP: 1/102 [nine-headed hydra (8)]
 23505 | Lair:2   | Slain by a cane toad

Illustrated notes

Levels and vault maps discovered:
D:1:      minmay_arrival_five_plusses, layout_rooms, minmay_crystal_water,
          grunt_decor_one_mirror
D:2:      layout_rooms, eat_drink_and_be_merry_uskayaw, serial_forest,
          infiniplex_forest_lined_2, infiniplex_forest_split,
          infiniplex_forest_zigzag_1, infiniplex_forest_straight_1,
          infiniplex_forest_diagonal, infiniplex_forest_clump_medium,
          infiniplex_forest_lined_room_, minmay_distorted, uniq_sigmund
D:3:      layout_loops_ring, nicolae_qazlal_style_of_elements, elyvilon_altar_1,
          ebering_ghost_disaster_area
D:4:      layout_rooms, nicolae_overflow_crystal_walls,
          minmay_temple_entry_stoned_glass, lightli_sewer_entry_pipes
D:5:      layout_loops_ring, gammafunk_temple_overflow_statue
D:6:      layout_cave_pods, marbit_many_paths, old_standard_altar, basic_altar,
          item_on_display_a
D:7:      layout_gridville, grunt_dithmenos_shadows, enter_bailey_3
D:8:      layout_basic, kennysheep_mini_moat,
          nicolae_ru_great_annihilating_truth, uniq_psyche
D:9:      layout_loops_cross, lemuel_round_altar, trog_ov_bears_minmay,
          minivault_10
D:10:     layout_basic, dpeg_lair_monsters
D:11:     layout_irregular_city, serial_shops, kennysheep_little_box, shop,
          shop, shop_statue, uniq_grum
D:12:     layout_long_grid, zombieorc2_lemuel, gammafunk_ghost_fury_of_okawaru
D:13:     layout_basic, skrybe_vaults_entry_preservation, basic_altar
Temple:   cyrus_temple_forest
Lair:1:   layout_chaotic_city
Lair:2:   layout_regular_city, swamp_mist_pool, guppyfry_snake_entry_island,
          portal_ice_cave_entry_imps, lemuel_fruit_tree

Skill      XL: |  1  2  3  4  5  6  7  8  9 10 11 12 13 |
---------------+----------------------------------------+-----
Armour         | 1 2 3 4 5 |  5.1
Dodging        | 2 3 4 5 |  5.3
Fighting       | 3 4 5 6 |  6.8
Axes           | 3 4 5 6 7 9 10 11 | 11.6
Spellcasting   | 3 4 5 6 7 9 |  9.8
Stealth        | 1 2 3 4 6 7 8 |  8.3
Shields        | 1 2 3 4 |  4.1
Translocations | 4 5 6 7 8 9 |  9.5
Invocations    | 2 4 6 |  6.0
Evocations     | 1 2 |  2.6
Throwing       | |  0.8

Action                   |  1- 3 |  4- 6 |  7- 9 | 10-12 | 13-15 || total
-------------------------+-------+-------+-------+-------+-------++-------
Melee: Hand axe          |   262 |   165 |   229 |   467 |       ||  1123
       Broad axe         |       |       |       |    13 |    62 ||    75
       Constrict         |       |       |       |       |    15 ||    15
Throw: Boomerang         |       |       |       |     1 |       ||     1
 Cast: Blink             |     1 |     1 |     1 |     3 |     1 ||     7
       Gell's Gravitas   |     3 |    12 |    50 |   125 |    35 ||   225
       Passage of Golubr |       |       |       |     3 |       ||     3
       Teleport Other    |       |       |       |       |     2 ||     2
Invok: Ancestor Life: Kn |       |       |     1 |       |       ||     1
       Recall Ancestor   |       |       |       |     2 |       ||     2
       Transference      |       |       |       |     2 |       ||     2
 Abil: Spit Poison       |    19 |    16 |    85 |    96 |    10 ||   226
       Evoke Flight      |       |       |       |     1 |       ||     1
Evoke: Wand              |       |       |     6 |    35 |    13 ||    54
       Lightning rod     |       |       |       |     2 |       ||     2
       Tin of tremorston |       |       |       |     1 |       ||     1
  Use: Potion            |       |     1 |     1 |       |     5 ||     7
       Scroll            |       |       |     7 |    14 |     3 ||    24
 Stab: Sleeping          |       |       |     2 |    14 |     1 ||    17
       Distracted        |       |       |     2 |     4 |     1 ||     7
       Paralysed         |       |       |       |    11 |       ||    11
Armor: Leather armour    |    31 |    46 |    77 |    25 |       ||   179
       Skin              |       |       |     5 |       |       ||     5
       Robe              |       |       |       |    42 |       ||    42
       Troll leather arm |       |       |       |    76 |    40 ||   116
       Animal skin       |       |       |       |       |     4 ||     4
Dodge: Dodged            |    53 |    84 |   183 |   224 |    59 ||   603
Block: Buckler           |    16 |    29 |    44 |   188 |    51 ||   328
       Reflection        |       |       |       |     7 |       ||     7

Table legend: (Time is in decaauts)
 A = Elapsed time spent in this place.
 B = Non-inter-level travel time spent in this place.
 C = Inter-level travel time spent in this place.
 D = Time resting spent in this place.
 E = Time spent auto-exploring this place.
 F = Levels seen in this place.
 G = Mean time per level.
                   A        B        C        D        E       F      G
               +--------+--------+--------+--------+--------+-----+--------+
         Total |  27617 |  26909 |    708 |   7856 |  12899 |  19 | 1453.5 |
       Dungeon |  20259 |  19624 |    635 |   5483 |  10179 |  13 | 1558.4 |
        Temple |    134 |     86 |     48 |      0 |     65 |   1 |  134.0 |
          Lair |   2099 |   2075 |     24 |     37 |   1506 |   2 | 1049.5 |
         Sewer |    756 |    756 |      0 |    333 |    191 |   1 |  756.0 |
        Bailey |   2603 |   2603 |      0 |   1073 |    622 |   1 | 2603.0 |
      Ice Cave |   1765 |   1765 |      0 |    929 |    335 |   1 | 1765.0 |
               +--------+--------+--------+--------+--------+-----+--------+

Top non-repeatable levels by time:
    D:10: 3251 daAuts
  Bailey: 2603 daAuts
     D:2: 2451 daAuts
     D:7: 1875 daAuts
     D:3: 1874 daAuts
   IceCv: 1765 daAuts
     D:6: 1695 daAuts
     D:9: 1660 daAuts
     D:5: 1609 daAuts
     D:1: 1539 daAuts
    D:11: 1492 daAuts
     D:8: 1358 daAuts
  Lair:1: 1214 daAuts
  Lair:2: 884 daAuts
     D:4: 870 daAuts
